[Event "*** SCC Grand Prix: Titled Tuesday Blitz"]
[Site "Chess.com"]
[Date "2020.09.29"]
[Round "9"]
[White "MrChampion_Coach"]
[Black "Vesper2018"]
[Result "1-0"]
[WhiteElo "2401"]
[BlackElo "2604"]
[TimeControl "180+1"]
[EndTime "11:44:23 PDT"]
[Termination "MrChampion_Coach won on time"]

1. d4 Nf6 2. c4 g6 3. Nc3 Bg7 4. e4 d6 5. h3 O-O 6. Be3 e5 7. Nf3 exd4 8. Nxd4 Re8 9. Qc2 Nbd7 10. O-O-O a6 11.
f3 Nh5 12. Rg1 Ng3 13. Bd3 Ne5 14. Bf2 Nh5 15. Kb1 Nf4 16. Bf1 c6 17. Rh1 Qe7 18. g3 Ne6 19. f4 Nd7 20. Nxe6 fxe6 21. Qd3 Bf8 22. g4 b5 23. Bg2 Bb7 24. e5 d5 25.
cxd5 cxd5 26. h4 Rad8 27. g5 Qf7 28. Ne2 Nc5 29. Bxc5 Bxc5 30. Bh3 d4 31. Rh2 Bd5 32. h5 Bc4 33. Qf3 d3 34. Nc3 Bd4 35. Ne4 Kg7 36.
hxg6 hxg6 37. Bg4 Rh8 38. Qg2 Bd5 39. Rdh1 Bxe4 40. Qxe4 d2 41. Rxh8 1-0

[Event "*** SCC Grand Prix: Titled Tuesday Blitz"]
[Site "Chess.com"]
[Date "2020.09.29"]
[Round "9"]
[White "kai_nov"]
[Black "guillembaches"]
[Result "1-0"]
[WhiteElo "2288"]
[BlackElo "2412"]
[TimeControl "180+1"]
[EndTime "11:44:24 PDT"]
[Termination "kai_nov won on time"]

1. d4 d5 2. c4 Nc6 3. Nc3 Nf6 4. Nf3 dxc4 5. d5 Na5 6. Qa4+ c6 7. b4 b5 8. Qxa5 Qxa5 9. bxa5 b4 10. Nd1 cxd5 11.
g3 g6 12. Be3 Bf5 13. Bg2 Bg7 14. Bd4 O-O 15. Ne3 Be4 16. O-O Nd7 17. Bxg7 Kxg7 18.
Nd4 Bxg2 19. Kxg2 e6 20. Nc6 b3 21. axb3 cxb3 22. Rab1 Rfc8 23. Nd4 e5 24. Nxb3 d4 25. Nd5 Nc5 26. Ne7 Rc7 27. Rfc1 Rxe7 28. Nxc5 Rc8 29. Nd3 Rd8 30. Rc5 e4 31. Nf4 d3 32. exd3 exd3 33.
Rd1 d2 34. Rd5 Re1 35. R1xd2 Rb8 36. Rd7 Rb5 37. Rxa7 Ra1 38. a6 Rba5 39. Rdd7 Rxa6 40. Rxf7+ Kg8 41. Rg7+ Kf8 42. Raf7+ Ke8 43. Rxh7 R1a2 44.
Nd5 1-0

[Event "*** SCC Grand Prix: Titled Tuesday Blitz"]
[Site "Chess.com"]
[Date "2020.09.29"]
[Round "9"]
[White "szefru"]
[Black "ARTHURMOTIVATOR"]
[Result "0-1"]
[WhiteElo "2170"]
[BlackElo "2369"]
[TimeControl "180+1"]
[EndTime "11:44:24 PDT"]
[Termination "ARTHURMOTIVATOR won by checkmate"]

1. e4 c6 2. d4 d5 3. Nc3 dxe4 4.
Nxe4 Nf6 5. Nxf6+ gxf6 6. g3 h5 7. h4 Bg4 8. Be2 Qd5 9. Bf3 Bxf3 10. Nxf3 Nd7 11. O-O O-O-O 12. Be3 Kb8 13. b3 e6 14. c4 Qf5 15. Kg2 Bd6 16. c5 Bc7 17. Qb1 Qg4 18. Nh2 Qg7 19. Qe4 f5 20. Qf3 Rhg8 21.
b4 Nf6 22. b5 cxb5 23. Rab1 Nd5 24. Rxb5 f4 25. Bxf4 Nxf4+ 26. Kh1 Nd5 27. Rfb1 b6 28. cxb6 Bxb6 29. a4 Qf6 30. Qg2 Ka8 31. a5 Bxd4 32.
Nf3 Rg4 33. Nxd4 Qxd4 34. a6 Re4 35. Qf1 Re5 36. Rb7 Qe4+ 37. Kh2 Qe2 38. Qg2 Qe4 39.
Qf1 Qe2 40. Qg1 Rf5 41. Kh3 Rxf2 42. R1b2 Qg4# 0-1

[Event "*** SCC Grand Prix: Titled Tuesday Blitz"]
[Site "Chess.com"]
[Date "2020.09.29"]
[Round "9"]
[White "Xtrmntr78"]
[Black "c_r_e_e_p_e_r"]
[Result "1/2-1/2"]
[WhiteElo "2581"]
[BlackElo "2388"]
[TimeControl "180+1"]
[EndTime "11:44:25 PDT"]
[Termination "Game drawn by stalemate"]

1. c4 c5 2. Nc3 b6 3. Nf3 Bb7 4. g3 e6 5. Bg2 d6 6. O-O Nf6 7.
Ne1 Bxg2 8. Nxg2 a6 9. d4 cxd4 10. Qxd4 Nbd7 11. b3 Qc7 12. Bb2 Be7 13. Rac1 O-O 14. e4 Rfe8 15. Ne3 Rad8 16. f3 Qb8 17. Kg2 Bf8 18. Rfe1 b5 19. cxb5 axb5 20. Qd3 Nc5 21. Qe2 b4 22. Nb5 Nfd7 23. Nd4 Ne5 24. Red1 d5 25. f4 dxe4 26. fxe5 Nd3 27. Nc6 Nxc1 28.
Rxc1 Qa8 29. Nxd8 Rxd8 30. Rd1 Rxd1 31. Qxd1 Qxa2 32. Qc2 h6 33. h4 Bc5 34. Qxc5 Qxb2+ 35. Qc2 Qxe5 36. Qd2 Qc5 37. Nc4 f5 38. Qd6 Qxd6 39. Nxd6 Kf8 40. Nb7 Ke7 41. Nc5 Kd6 42. Na6 Kd5 43.
Nxb4+ Kd4 44. Nc6+ Kc5 45. Nd8 e5 46. Nf7 Kb4 47.
Nxe5 Kxb3 48. Nd7 Kc3 49. Ne5 Kd2 50. h5 e3 51. Nf3+ Ke2 52. Nd4+ Ke1 53. Nxf5 e2 54. Nd4 Kd2 55. Nxe2 Kxe2 56. g4 Ke3 57. Kg3 Ke4 58. g5 Kf5 59. gxh6 gxh6 60. Kh3 Kg5 61. Kg3 Kxh5 62. Kh3 Kg5 63. Kg3 h5 64. Kh3 h4 65.
Kh2 Kh5 66. Kh1 h3 67. Kh2 Kh4 68. Kh1 Kg4 69. Kg1 Kg3 70. Kh1 h2 1/2-1/2

[Event "*** SCC Grand Prix: Titled Tuesday Blitz"]
[Site "Chess.com"]
[Date "2020.09.29"]
[Round "9"]
[White "Nikolaj_6"]
[Black "almaguerjm"]
[Result "1-0"]
[WhiteElo "2556"]
[BlackElo "2310"]
[TimeControl "180+1"]
[EndTime "11:44:27 PDT"]
[Termination "Nikolaj_6 won by resignation"]

1. e4 Nf6 2. e5 Nd5 3. d4 d6 4. c4 Nb6 5. exd6 cxd6 6. Nc3 g6 7. Be3 Bg7 8. Rc1 O-O 9. b3 a5 10. Be2 a4 11. Nf3 axb3 12. axb3 Nc6 13. O-O Bd7 14. d5 Ne5 15. Nd4 h5 16. h3 f5 17. f4 Nf7 18. Ndb5 Bxb5 19. Nxb5 Nd7 20. Qd2 Qa5 21. Qc2 Nc5 22. Bd2 Qa2 23. b4 Ne4 24. Be1 Qxc2 25. Rxc2 Ra1 26. g4 hxg4 27. hxg4 Nh6 28. g5 Nf7 29. Nc7 Bd4+ 30. Kg2 Rc8 31.
Ne6 Bh8 32. Bd3 Nd8 33. Nxd8 Rxd8 34. Rh1 Bg7 35. Rf1 Rda8 36. Bxe4 fxe4 37. Bc3 R8a2 38.
Rff2 Rxc2 39. Rxc2 Bxc3 40. Rxc3 Rb1 41. b5 Rb2+ 42.
Kf1 Kf7 43. Re3 e5 44. dxe6+ Kxe6 45. Rxe4+ Kf5 46. Rd4 Rc2 47. Ke1 Kg4 48. Kd1 Rc3 49.
Kd2 Rf3 50. Rxd6 Rxf4 51. Kd3 Kxg5 52. c5 Rb4 53. c6 Rxb5 54. c7 Rd5+ 55. Rxd5+ 1-0

[Event "*** SCC Grand Prix: Titled Tuesday Blitz"]
[Site "Chess.com"]
[Date "2020.09.29"]
[Round "9"]
[White "Goryachkina"]
[Black "swimmerchess"]
[Result "1/2-1/2"]
[WhiteElo "2662"]
[BlackElo "2833"]
[TimeControl "180+1"]
[EndTime "11:44:28 PDT"]
[Termination "Game drawn by repetition"]

1. e4 c5 2. Nf3 Nc6 3. Bb5 Na5 4. Be2 a6 5. O-O b5 6. c3 Bb7 7.
b4 cxb4 8. cxb4 Nc6 9. a3 Nf6 10. d3 g6 11. Bb2 Bg7 12. Nbd2 O-O 13. Nb3 d6 14. Rc1 Rc8 15. Qd2 e5 16. Rc2 Nh5 17. d4 Nf4 18. dxe5 dxe5 19. Nc5 Qe7 20. g3 Nxe2+ 21. Qxe2 Nd4 22. Nxd4 exd4 23. Rd1 Rfd8 24. Nxb7 Rxc2 25. Qxc2 Qxb7 26. Qd3 Qc6 27. f4 Qc4 28. e5 f6 29. Qxc4+ bxc4 30. Rxd4 Rc8 31. Re4 c3 32. Bc1 fxe5 33. fxe5 Rd8 34. Kf2 Rd1 35. Re1 Rxe1 36.
Kxe1 Bxe5 37. Ke2 Kf7 38. Kd3 Ke6 39. Kc4 Kf5 40. a4 Kg4 41. b5 axb5+ 42. axb5 Kh3 43. b6 Kxh2 44. g4 Kg3 45. g5 Kf3 46. Kd5 Bh2 47. Kc4 Be5 48. Kd5 Bg3 49. Kc4 Be5 1/2-1/2

[Event "*** SCC Grand Prix: Titled Tuesday Blitz"]
[Site "Chess.com"]
[Date "2020.09.29"]
[Round "9"]
[White "Belka1989"]
[Black "aNaartjieZA"]
[Result "0-1"]
[WhiteElo "2295"]
[BlackElo "2515"]
[TimeControl "180+1"]
[EndTime "11:44:28 PDT"]
[Termination "aNaartjieZA won on time"]

1. d4 Nf6 2. Nf3 c5 3. c3 g6 4. Bf4 Bg7 5. e3 O-O 6. Be2 b6 7. O-O Bb7 8. h3 d6 9. Nbd2 Nbd7 10. a4 a6 11. Bh2 Rc8 12. Re1 Rc7 13. Bf1 Qa8 14. Nc4 Rfc8 15. Nfd2 Ne4 16. Nxe4 Bxe4 17. f3 Bd5 18. Nd2 cxd4 19. exd4 Nf6 20. Qe2 Bb7 21. Ne4 Nxe4 22. fxe4 e5 23. dxe5 dxe5 24. Rad1 Rd8 25. Qe3 Rxd1 26. Rxd1 Bxe4 27. Qxb6 Rc8 28. Qxa6 Bxg2 29.
Qxa8 Bxa8 30. a5 e4 31. Bf4 h6 32. Ba6 Re8 33. Bb5 Rc8 34. h4 g5 35. hxg5 hxg5 36. Ba6 Rc5 37. Rd8+ Kh7 38. Be3 Rxa5 39. Rxa8 Kg6 40.
Bb7 Rb5 41. Bxe4+ f5 42. Ra6+ Kh5 43. Bd3 Rxb2 44. Bxf5 Bxc3 45. Bg6+ Kg4 46. Be4 Re2 47. Bd5 Rxe3 48. Ra4+ Kg3 0-1

[Event "*** SCC Grand Prix: Titled Tuesday Blitz"]
[Site "Chess.com"]
[Date "2020.09.29"]
[Round "9"]
[White "Shuvalov"]
[Black "Martins-BR"]
[Result "1-0"]
[WhiteElo "2421"]
[BlackElo "2294"]
[TimeControl "180+1"]
[EndTime "11:44:28 PDT"]
[Termination "Shuvalov won on time"]

1. b4 c6 2. Bb2 a5 3. a3 axb4 4. axb4 Rxa1 5. Bxa1 Qb6 6. b5 d5 7. e3 Nd7 8. Nf3 f6 9. d4 e6 10. Nbd2 cxb5 11. Bd3 Bd6 12. e4 Ne7 13. e5 fxe5 14. dxe5 Bc5 15. O-O O-O 16. Nb3 Nf5 17. g4 Ne7 18.
Nxc5 Nxc5 19. Bd4 Qc6 20. Ng5 Nxd3 21. Qxd3 Ng6 22. f4 Qc4 23. Qe3 h6 24. Nh3 Qxc2 25.
Rc1 Qe4 26. Qxe4 dxe4 27. Rc7 b6 28. Kf2 b4 29. Ke3 b3 30. Kxe4 Ba6 31. f5 exf5+ 32.
gxf5 Nh4 33. f6 gxf6 34. exf6 Bc4 35. Rxc4 Re8+ 36. Kf4 Kf7 37. Rc7+ Ke6 38. Rb7 Ng6+ 39. Ke4 Kd6+ 40. Kf5 Kd5 41. Bb2 Ne5 42. Rxb6 Nc4 43.
Rxb3 Ne3+ 44. Kg6 Rg8+ 45. Kf7 Rg2 46. Nf4+ Ke4 47. Nxg2 1-0

[Event "*** SCC Grand Prix: Titled Tuesday Blitz"]
[Site "Chess.com"]
[Date "2020.09.29"]
[Round "9"]
[White "Snegokhod"]
[Black "Resignify"]
[Result "1-0"]
[WhiteElo "2418"]
[BlackElo "2260"]
[TimeControl "180+1"]
[EndTime "11:44:29 PDT"]
[Termination "Snegokhod won on time"]

1. e4 d6 2. d4 Nf6 3. Nc3 g6 4. f4 Bg7 5. Nf3 O-O 6. Bd3 Nc6 7. O-O e5 8. d5 Nd4 9. Nxd4 exd4 10. Ne2 Re8 11. Ng3 c6 12. dxc6 bxc6 13. f5 d5 14.
fxg6 fxg6 15. Bg5 Qd6 16. Bxf6 Bxf6 17. Qf3 Rf8 18. exd5 cxd5 19. Qf4 Qxf4 20. Rxf4 Bd7 21. Raf1 Bg5 22. Rxf8+ Rxf8 23. Rxf8+ Kxf8 24. Kf2 Ke7 25. Kf3 Kf6 26. Ne2 Be3 27. c3 Ke5 28. h3 Ba4 29. cxd4+ Bxd4 30. Nxd4 Kxd4 31. Ke2 Bd1+ 32. Kd2 Ba4 33.
h4 Be8 34. g4 Bd7 35. g5 Be8 36. b4 Bd7 37. a3 Be8 38. Bc2 Bb5 39. h5 Be8 40. h6 Bd7 41. Bxg6 hxg6 42. h7 Kc4 43.
h8=Q d4 44. Qd8 Bf5 45. Qc7+ 1-0

[Event "*** SCC Grand Prix: Titled Tuesday Blitz"]
[Site "Chess.com"]
[Date "2020.09.29"]
[Round "9"]
[White "Forantes"]
[Black "sjam6687"]
[Result "1-0"]
[WhiteElo "2395"]
[BlackElo "2498"]
[TimeControl "180+1"]
[EndTime "11:44:30 PDT"]
[Termination "Forantes won by checkmate"]

1. Nf3 d5 2. g3 Bg4 3. d4 Bxf3 4. exf3 e6 5. Bg2 g6 6. O-O Bg7 7. c3 Ne7 8. f4 O-O 9. Nd2 Nd7 10. Nf3 c5 11. Re1 cxd4 12. cxd4 Nc6 13. Ne5 Ndxe5 14.
dxe5 Qb6 15. b3 Rfd8 16. Bb2 Bf8 17. Rc1 Rac8 18. g4 Nb4 19. a3 Nc6 20. f5 Na5 21.
b4 Nc4 22. Bd4 Qa6 23. Bf1 Qxa3 24. Ra1 Qxb4 25. Rxa7 Nb2 26. Bxb2 Qxb2 27. fxe6 Bc5 28. exf7+ Kf8 29. Re2 Qb6 30. Raa2 Qe6 31. Rab2 Qxg4+ 32. Kh1 Qe6 33. Rxb7 Rd7 34. Rxd7 Qxd7 35. e6 Qb7 36.
Bg2 Rd8 37. h3 Qc6 38. Re5 Qb6 39.
Rxd5 Rxd5 40. Bxd5 Bxf2 41. Qf3 Qd4 42. e7+ Kxe7 43.
f8=Q+ Kd7 44. Q3f7# 1-0

[Event "*** SCC Grand Prix: Titled Tuesday Blitz"]
[Site "Chess.com"]
[Date "2020.09.29"]
[Round "9"]
[White "DariaVoit"]
[Black "Berardino"]
[Result "0-1"]
[WhiteElo "2489"]
[BlackElo "2713"]
[TimeControl "180+1"]
[EndTime "11:44:32 PDT"]
[Termination "Berardino won on time"]

1. f4 d5 2. Nf3 Bg4 3. e3 Nd7 4.
d4 Ngf6 5. c4 e6 6. Nc3 c6 7.
Bd2 Ne4 8. Be2 Ndf6 9. c5 Be7 10. O-O b6 11. b4 a5 12. a3 axb4 13. Nxe4 Nxe4 14.
Ne5 Bxe2 15. Qxe2 bxc5 16. Nxc6 Qd7 17. Nxe7 Qxe7 18. axb4 O-O 19. bxc5 Qd7 20. Ba5 h6 21. Bb6 Qc6 22. h3 Ng3 23. Qb2 Nxf1 24. Rxf1 Ra4 25. Kh2 Rfa8 26. Qf2 Ra2 27. Qg3 Re2 28. f5 exf5 29. Rf2 Rxf2 30. Qxf2 Qe6 31. Bc7 Qe4 32. Bf4 g5 33. Be5 Ra3 34. c6 Rc3 35. c7 Rc2 36. Qf1 Kh7 37. Kg1 Kg6 38. Kh2 h5 39. Qa6+ Kh7 40.
Qf1 h4 41. Kg1 Qxe3+ 42. Kh2 Qe4 43. Kh1 g4 44. Kh2 g3+ 45. Kh1 Kg6 46. Qg1 f4 47. Qf1 Qe3 48. Qg1 Rc1 0-1

[Event "*** SCC Grand Prix: Titled Tuesday Blitz"]
[Site "Chess.com"]
[Date "2020.09.29"]
[Round "9"]
[White "chesslh19"]
[Black "gagtemp"]
[Result "1-0"]
[WhiteElo "2178"]
[BlackElo "1959"]
[TimeControl "180+1"]
[EndTime "11:44:34 PDT"]
[Termination "chesslh19 won by checkmate"]

1. e4 e6 2. d4 d5 3. Nd2 c5 4.
exd5 Qxd5 5. Ngf3 cxd4 6. Bc4 Qd6 7. O-O Nc6 8. Nb3 Nf6 9. Nbxd4 Be7 10. Re1 O-O 11.
Bb3 Nxd4 12. Nxd4 Rd8 13. c3 b6 14. Qf3 Ba6 15. Bf4 Qd7 16. Nxe6 Bb7 17. Qh3 Re8 18.
Nc7 Qc6 19. Nxa8 Bxa8 20. Rad1 Nh5 21. Be3 Bf6 22. Bd5 Qb5 23. Bxa8 Rxa8 24. a4 Qxb2 25. Qxh5 Bxc3 26. Rf1 g6 27. Qd5 Rf8 28. Bd4 Bxd4 29. Qxd4 Qa3 30. h3 h5 31. Rd3 Qe7 32. Re3 Qc7 33.
g3 Qc8 34. Qe5 Qxh3 35. Qf6 Qd7 36. Rfe1 Qxa4 37. Re7 b5 38. Rd7 b4 39. Red1 b3 40.
Rd8 Qb4 41. Rxf8+ Qxf8 42. Rd8 Qxd8 43. Qxd8+ Kg7 44. Qd4+ Kh7 45. Qxa7 b2 46. Qb6 Kg7 47. Qxb2+ Kh7 48. Kg2 h4 49. gxh4 Kh6 50. Kg3 g5 51.
hxg5+ Kxg5 52. f4+ Kf5 53. Qe5+ Kg6 54. f5+ Kh6 55.
Qf6+ Kh7 56. Qxf7+ Kh6 57. Qg6# 1-0

[Event "*** SCC Grand Prix: Titled Tuesday Blitz"]
[Site "Chess.com"]
[Date "2020.09.29"]
[Round "9"]
[White "AttilaTurzo"]
[Black "IngOscarArdila"]
[Result "0-1"]
[WhiteElo "2393"]
[BlackElo "2159"]
[TimeControl "180+1"]
[EndTime "11:44:36 PDT"]
[Termination "IngOscarArdila won on time"]

1. e4 e5 2. Nf3 Nf6 3. Nxe5 d6 4. Nf3 Nxe4 5. Nc3 Nf6 6. d4 Be7 7. Bd3 O-O 8. h3 Nbd7 9. O-O Re8 10. Re1 Nf8 11.
Ne2 Ng6 12. Ng3 Bd7 13. Nf5 Bf8 14. Be3 Nd5 15. Bg5 Qc8 16. Ng3 Ndf4 17. Bf1 h6 18.
Bxf4 Nxf4 19. Qd2 Ng6 20. c4 Qd8 21. Bd3 Qf6 22. Nh5 Qd8 23. Rxe8 Bxe8 24. Re1 Bd7 25. Qc2 Ne7 26. d5 Kh8 27. Nd4 g6 28. Nf6 Bg7 29. Nxd7 Qxd7 30. Nf3 Ng8 31. Qe2 a5 32. b3 Bf6 33.
Nd2 Kg7 34. Ne4 Re8 35. Qd2 Bd4 36. Qxa5 f5 37. Ng3 b6 38. Qd2 Nf6 39. Rxe8 Qxe8 40.
Bxf5 Qe5 41. Bc2 Bc5 42. Qd3 Qg5 43. Kh1 Bxf2 44. Ne2 Nh5 45. Qf3 Ng3+ 46. Nxg3 Bxg3 47. Qd1 Qe3 48. Qf1 g5 49. Bd3 h5 50. b4 h4 51. a4 g4 0-1

[Event "*** SCC Grand Prix: Titled Tuesday Blitz"]
[Site "Chess.com"]
[Date "2020.09.29"]
[Round "9"]
[White "horripile"]
[Black "GM_Levan_Pantsulaia"]
[Result "1-0"]
[WhiteElo "2686"]
[BlackElo "2832"]
[TimeControl "180+1"]
[EndTime "11:44:37 PDT"]
[Termination "horripile won by resignation"]

1. e4 c5 2. Nf3 e6 3. g3 Nc6 4.
Bg2 Nf6 5. Nc3 d6 6. O-O Be7 7. d4 cxd4 8. Nxd4 O-O 9. Re1 Bd7 10. a4 a6 11. Be3 Rc8 12. Nxc6 Bxc6 13. a5 Nd7 14.
Na4 Qxa5 15. Nb6 Qb4 16. Nxc8 Rxc8 17. Ra2 Ne5 18. b3 Bf8 19. Qd2 Qxd2 20. Bxd2 h6 21. c4 g5 22. f4 gxf4 23. gxf4 Nd3 24. Re2 Bg7 25. Be3 Kf8 26. Red2 Nb4 27. Ra5 Ke7 28. e5 Rg8 29. exd6+ Kd7 30. Bxc6+ Nxc6 31. Rh5 Bf8+ 32.
Kf2 f5 33. c5 Nb4 34. Kf3 Nd5 35. Rxf5 Nxe3 36. Rf7+ Ke8 37. d7+ Kd8 38. Kxe3 Bxc5+ 39. Ke4 a5 40. Ke5 Bb4 41. Rd3 Rg6 42. Rh7 Rg8 43. Kxe6 Rf8 44. f5 b5 45. f6 a4 46. bxa4 bxa4 47. Rf7 Rxf7 48. Kxf7 a3 49. Rd1 Bc3 50.
Ke6 a2 51. f7 Bg7 52. Ra1 1-0

[Event "*** SCC Grand Prix: Titled Tuesday Blitz"]
[Site "Chess.com"]
[Date "2020.09.29"]
[Round "9"]
[White "Harsha_Bharathakoti"]
[Black "stanyga"]
[Result "1-0"]
[WhiteElo "2761"]
[BlackElo "2621"]
[TimeControl "180+1"]
[EndTime "11:44:37 PDT"]
[Termination "Harsha_Bharathakoti won by resignation"]

1. d4 d5 2. c4 c6 3. Nf3 Nf6 4. Nc3 e6 5. e3 Nbd7 6. Qc2 a5 7. b3 Bd6 8. Bd3 O-O 9. O-O e5 10. cxd5 cxd5 11. e4 exd4 12. Nxd5 Nxd5 13. exd5 h6 14.
Bh7+ Kh8 15. Bf5 Nc5 16. Nxd4 Bxh2+ 17. Kxh2 Qh4+ 18. Kg1 Qxd4 19. Be3 Qxd5 20. Qxc5 Qxc5 21. Bxc5 Bxf5 22. Bxf8 Rxf8 23. Rac1 Be4 24. Rc5 Ra8 25.
Re1 Bc6 26. Ree5 a4 27. b4 Rd8 28. Re2 Rd1+ 29. Kh2 Rb1 30. a3 Rb3 31. Re3 Rb2 32. Kg3 Kh7 33. f3 Kg6 34. Rd3 Kh7 35. Rdc3 Rb1 36.
Rc1 Rb2 37. R5c2 Rb3 38. Rc3 Rb2 39. R1c2 Rb1 40. Re2 Bd5 41. Re5 Bc6 42. Rcc5 Rb3 43.
b5 Bd7 44. Rc7 Be6 45. Rxb7 Rxa3 46. Ra7 Rb3 47. Rxa4 Rb2 48. Rc5 Kg6 49. Ra6 Kh7 50.
b6 Ba2 51. Rc7 Bb1 52. b7 Bd3 53. Ra8 Bf1 54. b8=Q Rxg2+ 55. Kf4 1-0

[Event "*** SCC Grand Prix: Titled Tuesday Blitz"]
[Site "Chess.com"]
[Date "2020.09.29"]
[Round "9"]
[White "queen_iryna"]
[Black "anon481216"]
[Result "0-1"]
[WhiteElo "2295"]
[BlackElo "2426"]
[TimeControl "180+1"]
[EndTime "11:44:38 PDT"]
[Termination "anon481216 won by resignation"]

1. e4 c5 2. Nf3 Nf6 3. e5 Nd5 4. d4 cxd4 5. Qxd4 e6 6. c4 Nc6 7.
Qe4 Nb6 8. Nc3 d6 9. exd6 Bxd6 10. Bd3 f5 11. Qe2 O-O 12. Bg5 Qe8 13. O-O e5 14.
Bc2 e4 15. Ne1 Nd4 16. Qd1 Be5 17. Be3 Nxc2 18. Nxc2 Nxc4 19. Rb1 Nxb2 20. Rxb2 Bxc3 21. Rb1 Be5 22. Bd4 b6 23. Bxb6 axb6 24. Qd5+ Be6 25. Qxe5 Rxa2 26. Rxb6 Bc4 27. Qxe8 Rxe8 28. Rc1 Bd3 29.
Ne3 g6 30. Rb7 Rea8 31. h3 R2a7 32. Rcc7 Rxb7 33. Rxb7 Rd8 34. Ra7 h5 35. h4 f4 36.
Nd1 Be2 37. Nc3 Bd3 38. Re7 Rd4 39. Ra7 Kf8 40. Rc7 e3 41. fxe3 fxe3 42. Ra7 e2 43.
Kf2 Rf4+ 0-1

[Event "*** SCC Grand Prix: Titled Tuesday Blitz"]
[Site "Chess.com"]
[Date "2020.09.29"]
[Round "9"]
[White "paulrusan"]
[Black "Vamostodorecto"]
[Result "1-0"]
[WhiteElo "2287"]
[BlackElo "2377"]
[TimeControl "180+1"]
[EndTime "11:44:38 PDT"]
[Termination "paulrusan won by checkmate"]

1. e4 e5 2. Nf3 Nc6 3. Bc4 Bc5 4. b4 Bxb4 5. c3 Be7 6. d4 d6 7. Qb3 Na5 8. Bxf7+ Kf8 9. Qa4 Kxf7 10. Qxa5 exd4 11. cxd4 h6 12. O-O Nf6 13. Nc3 Rf8 14. e5 Nh7 15. h3 c6 16. Qa4 d5 17. Qc2 Kg8 18. Nh2 Bf5 19. Qb3 Qd7 20. Be3 Rab8 21. a4 Ng5 22. a5 Bxh3 23. gxh3 Qxh3 24. Qd1 Nf3+ 25. Nxf3 Rxf3 26. Qd3 Rbf8 27. Rfb1 R8f5 28. Qf1 Rxe3 29. Qxh3 Rxh3 30. Rxb7 Rg5+ 31. Kf1 Rh1+ 32. Ke2 Rxa1 33.
Rxe7 Rxa5 34. Rc7 Rg6 35. f4 h5 36. f5 Rg4 37. Rxc6 h4 38. e6 Kf8 39. Rc8+ Ke7 40. Rc7+ Ke8 41. Rc8+ Ke7 42. Rc7+ Kd6 43. Rd7+ Kc6 44.
Rd8 Ra3 45. e7 Rxc3 46. e8=Q+ Kb6 47. Rb8+ Ka5 48. Qd8+ Ka4 49. Qd7+ Ka3 50. Qxa7# 1-0

[Event "*** SCC Grand Prix: Titled Tuesday Blitz"]
[Site "Chess.com"]
[Date "2020.09.29"]
[Round "9"]
[White "RobertoJBM"]
[Black "elohunter1999"]
[Result "0-1"]
[WhiteElo "2716"]
[BlackElo "2519"]
[TimeControl "180+1"]
[EndTime "11:44:39 PDT"]
[Termination "elohunter1999 won on time"]

1. d4 Nf6 2. c4 c5 3. d5 e6 4. Nc3 exd5 5. cxd5 d6 6. e4 g6 7. Bd3 Bg7 8. h3 O-O 9. Nf3 b5 10. Bxb5 Nxe4 11. Nxe4 Qa5+ 12. Nfd2 Qxb5 13. Nxd6 Qa6 14. N2c4 Nd7 15. O-O Ne5 16. Nxe5 Qxd6 17. Nc4 Qa6 18. Qe2 Bb7 19. Rd1 Bd4 20. Be3 Bxd5 21. Rac1 Bxc4 22. Qxc4 Qxc4 23. Rxc4 Bxe3 24. fxe3 Rab8 25. b3 Rfe8 26. Kf2 Red8 27. Rxd8+ Rxd8 28. Ke2 Rd5 29. Ra4 Rd7 30. Ra6 f5 31. Rc6 Rd5 32.
Rc8+ Kg7 33. Rc7+ Kh6 34. Rxa7 Re5 35. g3 g5 36. Ra6+ Kg7 37. Ra4 h6 38. Rc4 Kf6 39. a4 Ke6 40. a5 Kd5 41. a6 Re7 42. Ra4 Ra7 43. h4 Kc6 44. hxg5 hxg5 45. e4 fxe4 46. Ke3 Kb5 47. Kxe4 Rxa6 48. Rxa6 Kxa6 49. Kf5 Kb5 50. Kxg5 Kb4 51. Kf4 Kxb3 52. g4 c4 53. g5 c3 54. g6 c2 55. g7 c1=Q+ 0-1

[Event "*** SCC Grand Prix: Titled Tuesday Blitz"]
[Site "Chess.com"]
[Date "2020.09.29"]
[Round "9"]
[White "moventog"]
[Black "catzapto"]
[Result "1-0"]
[WhiteElo "2234"]
[BlackElo "2064"]
[TimeControl "180+1"]
[EndTime "11:44:39 PDT"]
[Termination "moventog won on time"]

1. d4 Nf6 2. Bg5 e6 3. e4 Be7 4.
Nd2 c5 5. c3 cxd4 6. cxd4 Qb6 7. Ngf3 Qxb2 8. Bc4 Nc6 9. d5 Ne5 10. O-O Nxf3+ 11. Nxf3 h6 12. Rb1 Qc3 13. Rc1 Qa5 14.
Bd2 Qb6 15. Be3 Bc5 16. Rb1 Qc7 17. d6 Bxd6 18. e5 Bxe5 19. Nxe5 Qxe5 20. Re1 Qc7 21. Rc1 Qd8 22. Bc5 b6 23. Qf3 Rb8 24. Bd6 Bb7 25. Qg3 Rc8 26. Bb5 Rxc1 27. Rxc1 Ne4 28. Qxg7 Qf6 29.
Qxf6 Nxf6 30. Be5 Ke7 31. Rc7 Rc8 32. Rxb7 Rc1+ 33. Bf1 Ng4 34. Bf4 Rc2 35. Rxa7 Rxf2 36. Bxh6 Rxf1+ 37. Kxf1 Nxh6 38. Rb7 Nf5 39. Rxb6 d5 40.
a4 Ne3+ 41. Kg1 Nc4 42. Rb5 Kd6 43. h4 e5 44. h5 e4 45. h6 Ne5 46. h7 Ng6 47. Rb6+ Kc5 48. Rxg6 fxg6 49. h8=Q Kc4 50. a5 Kd3 51. a6 e3 52. a7 e2 53. Qa1 1-0

[Event "*** SCC Grand Prix: Titled Tuesday Blitz"]
[Site "Chess.com"]
[Date "2020.09.29"]
[Round "9"]
[White "bratkoo"]
[Black "ajgreen"]
[Result "0-1"]
[WhiteElo "2523"]
[BlackElo "2401"]
[TimeControl "180+1"]
[EndTime "11:44:40 PDT"]
[Termination "ajgreen won by checkmate"]

1. b4 c6 2. e4 d5 3. exd5 cxd5 4. Nf3 Nf6 5. Bb2 e6 6. a3 a5 7. b5 Nbd7 8. d4 Nb6 9. Nbd2 Bd7 10. c4 dxc4 11.
Nxc4 Nxc4 12. Bxc4 Rc8 13. Qe2 Be7 14. O-O O-O 15.
Rfc1 Nd5 16. Ne5 Be8 17. g3 Bf6 18. Bd3 Rxc1+ 19. Rxc1 a4 20. Ng4 Be7 21. Qe4 g6 22. Qe5 f6 23. Qxe6+ Kg7 24. Qe2 h5 25. Ne3 Bf7 26. Be4 Re8 27. Bxd5 Bxd5 28. Nxd5 Qxd5 29. Rc7 Qf7 30. Rxb7 Kf8 31. Qc2 f5 32. Qxa4 Qd5 33. Rc7 Bc5 34. Qd1 Bb6 35. Rc1 h4 36. gxh4 Re4 37.
f3 Rxh4 38. a4 g5 39. Ba3+ Kf7 40. Bc5 Bc7 41. Rc2 g4 42. Rf2 gxf3 43. Qxf3 Bxh2+ 44. Kf1 Qc4+ 45. Kg2 f4 46. Qb7+ Kg6 47. Qc6+ Kf5 48. Qd7+ Ke4 49. Qe8+ Kf5 50. Qe5+ Kg4 51. Qg7+ Kh5 52.
Kf3 Qd3+ 53. Kg2 Rg4+ 54. Qxg4+ Kxg4 55. Kxh2 Qg3+ 56. Kh1 Qxf2 57. b6 f3 58. b7 Qg2# 0-1

[Event "*** SCC Grand Prix: Titled Tuesday Blitz"]
[Site "Chess.com"]
[Date "2020.09.29"]
[Round "9"]
[White "Ladislav1969"]
[Black "hawes33"]
[Result "0-1"]
[WhiteElo "2342"]
[BlackElo "2230"]
[TimeControl "180+1"]
[EndTime "11:44:40 PDT"]
[Termination "hawes33 won by resignation"]

1. e4 c5 2. d4 cxd4 3. c3 d3 4. Bxd3 d6 5. c4 Nf6 6. Nc3 g6 7. f4 Bg7 8. Nf3 O-O 9. h3 a6 10. Be3 b6 11. O-O Bb7 12. Rc1 Nbd7 13. b4 Rc8 14. Qd2 Qc7 15. Rfd1 Qb8 16. Qf2 Qa8 17. Nd5 Bxd5 18. cxd5 Rxc1 19. Rxc1 a5 20. Bxb6 axb4 21. Bd4 Qa3 22. Qc2 Ra8 23. Bc4 Nc5 24. Bxc5 dxc5 25.
Bb3 Nh5 26. Qxc5 Nxf4 27. Rd1 Qb2 28. Qf2 Qc3 29. Ng5 Be5 30. Nxf7 Kxf7 31. g3 Qxg3+ 32.
Qxg3 Ne2+ 33. Kg2 Nxg3 34. d6+ e6 35. d7 Ke7 36. Bxe6 Ne2 37. Rd5 Nf4+ 38. Kf3 Nxd5 39.
exd5 Rxa2 40. d6+ Bxd6 41. Bxa2 Kxd7 42. Ke4 Ke7 43. Bg8 h6 44. Bb3 Kf6 45. Bc4 Kg5 46.
Kf3 Kh4 47. Kg2 g5 48. Bb3 h5 49. Be6 g4 50. hxg4 hxg4 51. Bb3 g3 52. Bc4 Kg4 53. Bd5 Kf4 54. Bb3 Ke3 55. Be6 Kd2 56. Kf3 Kc3 57.
Bf7 b3 58. Bg6 Kd2 59. Bf5 Kc1 60. Kg2 b2 61. Bg6 b1=Q 62. Bxb1 Kxb1 63. Kh1 Kc2 64. Kg2 Kd3 65. Kh1 Ke4 66. Kg2 Kf4 67. Kh3 Kf3 68. Kh4 g2 0-1